cohdb
Replays
Latest Replays
All Replays
Popular Replays
Top Player Replays
Match Explorer
How It Works
Community
CoH3 Stats
Reddit
Sign in to upload your games and track your stats! →
Sign in with Steam
Match 23928257
Unlisted
Match 23928257
Overview
Messages
Build Orders
End
Panzergrenadier Squad
250 Light Carrier
Panzergrenadier Squad
Construct Light Support Kompanie
Panzerjäger Squad
Fire Support Elements
Selects Armored Support Battlegroup
Selects Superior Fire Drills
MG34 Team
2.5-tonne Medical Truck
Veteran Squad Leaders
Combat Half-tracks
Panzerjäger Mechanized Group
Construct Panzerarmee Kommand
Selects Salvage Kits
Selects Panzer Storm
Armored Reserves
Selects Stuka Dive Bomb
Panzer IV Assault Group
Vehicle Survival Package
Tungsten Core Ammunition
Emergency Repair Kits
Selects Flammpanzer III Medium Tank Sd.Kfz. 141
Stuka Dive Bomb
Advanced Optics
UH|dun! ツ
iceman
UH|BluEskY
insane
Schmarsten Ca$hgeier
dropdead0811
Max Emotional Damage
WL
0
0
Comments
sign in to comment!
No comments posted yet!